 Dungeon Crawl Stone Soup version 0.29.1-1-gd02db6906a (webtiles) character file.

Game seed: 16115864841644214215

52 karrick the Shield-Bearer (level 3, -3/24 HPs)
             Began as a Gargoyle Fighter on Sept 24, 2022.
             Slain by Natasha (8 damage)
             ... on level 2 of the Dungeon.
             The game lasted 00:01:23 (985 turns).

karrick the Shield-Bearer (Gargoyle Fighter)         Turns: 985, Time: 00:01:23

Health: -3/24      AC: 12    Str: 19    XL:     3   Next: 85%
Magic:  3/3        EV:  9    Int:  8    God:
Gold:   100        SH:  4    Dex: 11    Spells: 2/2 levels left

rFire   . . .      SeeInvis .   a - +0 flail
rCold   . . .      Faith    .   c - +0 buckler
rNeg    + . .      Spirit   .   b - +0 scale mail
rPois   ∞          Reflect  .   (no helmet)
rElec   +          Harm     .   (no cloak)
rCorr   .          Rampage  .   k - +1 pair of gloves
Will    .....                   (no boots)
Stlth   ..........              (no amulet)
HPRegen 0.08/turn               (no ring)
MPRegen 0.08/turn               (no ring)

@: mighty
A: sickness immunity, AC +3, negative energy resistance 1, electricity
resistance, torment resistance 1, petrification resistance
a: no special abilities


You were on level 2 of the Dungeon.
You visited 1 branch of the dungeon, and saw 2 of its levels.

You collected 100 gold pieces.

Inventory:

Hand Weapons
 a - a +0 flail (weapon)
Armour
 b - a +0 scale mail (worn)
 c - a +0 buckler (worn)
 k - a +1 pair of gloves (worn)
Scrolls
 f - a scroll of vulnerability {unknown}
 g - a scroll of identify {unknown}
 h - a scroll of blinking {unknown}
 l - a scroll of immolation {unknown}
Potions
 e - 3 potions of curing {unknown}
 i - a potion of heal wounds {unknown}
 j - a potion of degeneration {unknown}


   Skills:
 + Level 3.9 Fighting
 + Level 2.4 Maces & Flails
 + Level 3.6 Armour
 + Level 0.4 Stealth
 + Level 3.9 Shields


You had 2 spell levels left.
You didn't know any spells.
Your spell library contained the following spells:

 Spells                   Type           Power      Damage    Failure   Level
 Portal Projectile        Hex/Tloc       0%         N/A       99%         3
 Tukima's Dance           Hex            0%         N/A       99%         3
 Blade Hands              Tmut           0%         N/A       100%        5


Dungeon Overview and Level Annotations

Branches:
Dungeon (2/15)

Altars:

Annotations:
D:2 Natasha


Innate Abilities, Weirdness & Mutations

You are immune to sickness and miasma.
Your stone body is resilient. (AC +3)
You are immune to poison.
You resist negative energy. (rN+)
You are resistant to electric shocks. (rElec)
You are resistant to unholy torment.
You are immune to petrification.


Message History

You feel disoriented. The hobgoblin hits you.
You sock the hobgoblin!
You kill the hobgoblin!
You sock the goblin!
You kill the goblin!
The goblin barely misses you.
Robin says, "My army is invincible!"
You sock the goblin!
You kill the goblin!
You thump Robin!
Robin is heavily wounded.
Robin hits you but does no damage.
You thump Robin!
You kill Robin!
You closely miss the crimson imp. The crimson imp misses you.
The crimson imp hits you.
You closely miss the crimson imp.
The crimson imp blinks!
Natasha howls an incantation.
Natasha glows brightly for a moment.
Natasha barely misses you.
Items here: ! )))) [[ ††.
You closely miss Natasha. Natasha claws you but does no damage.
The crimson imp summons a swarm of flies.
Natasha claws you but does no damage.
A hobgoblin comes into view.
You closely miss Natasha.
The hobgoblin shouts!
You hear a shout! x3
Natasha claws you.
You are too injured to fight recklessly!
You are too injured to fight recklessly!
You closely miss Natasha.
Natasha mumbles some strange words.
Natasha's front paws start to glow.
Natasha stares at you and mumbles some strange words.
The magic dart hits you!
* * * LOW HITPOINT WARNING * * *
The crimson imp barely misses you.
You closely miss Natasha. Natasha claws you!
You die...

#############
#.gh@5....... #
#.#################
#.###........<........#
#!#...g..........######.#
.g.gg..>............# #.#
#.#####.######..###.###.#
#.# #..........# #+#
#......##### ########


You could see Natasha, a crimson imp (summoned) and a hobgoblin.

Vanquished Creatures
  Robin (D:2)
  A gnoll (D:1)
  5 ball pythons (D:1)
  A bat (D:1)
  An endoplasm (D:1)
  4 goblins
  3 hobgoblins
  3 jackals (D:1)
  A quokka (D:1)
  4 kobolds (D:1)
  6 rats (D:1)
30 creatures vanquished.

Notes
Turn   | Place    | Note
-------+----------+-------------------------------------------
     0 | D:1      | karrick the Gargoyle Fighter began the quest for the Orb.
     0 | D:1      | Reached XP level 1. HP: 14/14 MP: 1/1
   134 | D:1      | Reached XP level 2. HP: 14/19 MP: 2/2
   431 | D:1      | Reached XP level 3. HP: 21/23 MP: 3/3
   961 | D:2      | Noticed Natasha
   962 | D:2      | Noticed Robin
   978 | D:2      | Killed Robin
   985 | D:2      | Slain by Natasha

Illustrated notes

Levels and vault maps discovered:
D:1:      dpeg_arrival_radiant, layout_loops_ring
D:2:      layout_basic, uniq_natasha, uniq_robin

Action                   || total
-------------------------++-------
Melee: Flail             ||    96
  Use: Potion            ||     1
Armor: Scale mail        ||    51
Dodge: Dodged            ||    51
Block: Buckler           ||    27
